 Dungeon Crawl Stone Soup version 0.30-a0-374-g95c0257040 (webtiles) character file.

Game seed: 10828450118673564755

1692427 Lobster4 the Merry Minotaur (level 26, 239/239 HPs)
             Began as a Minotaur Hunter on Nov 25, 2022.
             Was the Champion of Hepliaklqana.
             Escaped with the Orb
             ... and 3 runes on Nov 26, 2022!
             The game lasted 04:45:37 (68976 turns).

Lobster4 the Merry Minotaur (Minotaur Hunter)      Turns: 68976, Time: 04:45:37

Health: 239/239    AC: 48    Str: 22    XL:     26   Next: 92%
Magic:  37/37      EV: 19    Int:  4    God:    Hepliaklqana [******]
Gold:   7091       SH: 22    Dex: 31    Spells: 32/37 levels left

rFire   + . .      SeeInvis +    a - +9 hand crossbow (vorpal)
rCold   + . .      Faith    .    e - +5 kite shield {reflect}
rNeg    + . .      Spirit   .    c - +9 scales of the Dragon King {rPois rF+ rC+ Will+}
rPois   +          Reflect  +    Z - +2 hat
rElec   .          Harm     .    S - +0 cloak of New Discoveries {-Cast rPois SInv}
rCorr   .          Rampage  .    g - +3 pair of gauntlets of War {Slay+5}
Will    ++...      NoCast   +    E - +2 pair of boots
Stlth   ..........               F - amulet of regeneration
HPRegen 1.39/turn                s - ring "Zucamuro" {+Blink rN+ MP+9 Int-2 Dex+9}
MPRegen 0.25/turn                b - ring of Emywn {Str+4 Slay+4}

@: hasted, very quick
A: reduced essence, horns 2, retaliatory headbutt, clumsy 1, low MP 1, screaming
1
0: Orb of Zot
}: 3/15 runes: decaying, silver, gossamer
a: Renounce Religion, Evoke Blink, Recall Ancestor, Ancestor Identity,
Transference, Idealise


You escaped.
You worshipped Hepliaklqana.
Hepliaklqana was exalted by your worship.
You visited 11 branches of the dungeon, and saw 51 of its levels.
You also visited: Trove, Bailey and Ice Cave.

You collected 10477 gold pieces.
You spent 3386 gold pieces at shops.

Inventory:

Hand Weapons
 a - a +9 vorpal hand crossbow (weapon)
 y - the +11 scimitar of Qotai {vorpal, rElec MP+9 Dex+2}
   (You took it off a vault sentinel on level 5 of the Vaults)

   It inflicts extra damage upon your enemies.
   Dex:       It affects your dexterity (+2).
   rElec:     It insulates you from electricity.
   MP:        It affects your magic capacity (+9).
Armour
 c - the +9 scales of the Dragon King (worn) {rPois rF+ rC+ Will+}
   (You took it off a deep elf high priest on level 3 of the Elven Halls)

   rF:        It protects you from fire.
   rC:        It protects you from cold.
   rPois:     It protects you from poison.
   Will:      It increases your willpower.
 e - a +5 kite shield of reflection (worn)
 g - the +3 pair of gauntlets of War (worn) {Slay+5}
   (You found it on level 1 of the Crypt)

   Slay:      It affects your accuracy & damage with ranged weapons and melee
   (+5).
 p - a +2 pair of gloves of dexterity
 E - a +2 pair of boots (worn)
 O - the +1 ring mail of Maynemad {Will+ Dex+3}
   (You found it on level 4 of the Spider Nest)

   Dex:       It affects your dexterity (+3).
   Will:      It increases your willpower.
 S - the +0 cloak of New Discoveries (worn) {-Cast rPois SInv}
   (You bought it in a shop on level 2 of the Orcish Mines)

   rPois:     It protects you from poison.
   SInv:      It lets you see invisible.
   -Cast:     It prevents spellcasting.
 Z - a +2 hat (worn)
Jewellery
 b - the ring of Emywn (right hand) {Str+4 Slay+4}
   (You found it in a treasure trove)

   [ring of slaying]

   Str:       It affects your strength (+4).
   Slay:      It affects your accuracy & damage with ranged weapons and melee
   (+4).
 i - the ring of Kitep {rF+ rCorr MP+9 Str+3 Dex-3}
   (You found it in a treasure trove)

   [ring of magical power]

   Str:       It affects your strength (+3).
   Dex:       It affects your dexterity (-3).
   rF:        It protects you from fire.
   MP:        It affects your magic capacity (+9).
   rCorr:     It protects you from acid and corrosion.
 m - the amulet "Umathrer" {Faith rPois Regen+ Dex-2}
   (You found it in a treasure trove)

   [amulet of faith]

   It allows you to gain divine favour quickly.
   Dex:       It affects your dexterity (-2).
   rPois:     It protects you from poison.
   Regen:     It increases your rate of health regeneration.
 o - the ring of Fusoy {rF+ rC++}
   (You bought it in a shop on level 11 of the Dungeon)

   [ring of protection from fire]

   rF:        It protects you from fire.
   rC:        It greatly protects you from cold.
 s - the ring "Zucamuro" (left hand) {+Blink rN+ MP+9 Int-2 Dex+9}
   (You found it on level 3 of the Crypt)

   [ring of positive energy]

   Int:       It affects your intelligence (-2).
   Dex:       It affects your dexterity (+9).
   rN:        It protects you from negative energy.
   MP:        It affects your magic capacity (+9).
   +Blink:    It lets you blink.
 z - the ring "Vawn" {rElec rF+ rN+ Slay-6}
   (You found it on level 3 of the Elven Halls)

   [ring of positive energy]

   Slay:      It affects your accuracy & damage with ranged weapons and melee
   (-6).
   rF:        It protects you from fire.
   rElec:     It insulates you from electricity.
   rN:        It protects you from negative energy.
 F - an amulet of regeneration (around neck)
 I - a ring of flight
Wands
 h - a wand of digging (15)
 N - a wand of charming (61)
 Q - a wand of flame (96)
 V - a wand of acid (41)
 X - a wand of iceblast (33)
 Y - a wand of mindburst (20)
Scrolls
 k - 6 scrolls of immolation
 l - a scroll of poison
 q - 6 scrolls of enchant weapon
 t - 3 scrolls of blinking
 w - 3 scrolls of magic mapping
 x - 11 scrolls of teleportation
 A - a scroll of silence
 J - 6 scrolls of enchant armour
 W - 3 scrolls of butterflies
Potions
 d - 2 potions of invisibility
 f - 9 potions of ambrosia
 j - 11 potions of heal wounds
 u - 7 potions of resistance
 v - 20 potions of curing
 C - 12 potions of brilliance
 D - 11 potions of might
 H - 15 potions of flight
 K - 6 potions of lignification
 L - 9 potions of haste
 M - 3 potions of berserk rage
 R - 7 potions of cancellation
Miscellaneous
 r - a phantom mirror
 G - a tin of tremorstones (2/2)
 P - a condenser vane


   Skills:
 O Level 27 Fighting
 - Level 14.0 Long Blades
 - Level 9.0 Maces & Flails
 O Level 27 Ranged Weapons
 * Level 25.1 Armour
 - Level 19.0 Dodging
 - Level 1.0 Stealth
 - Level 16.0 Shields
 - Level 6.2 Spellcasting
 - Level 5.0 Translocations
 - Level 7.0 Ice Magic
 - Level 9.0 Invocations
 - Level 3.0 Evocations


You had 32 spell levels left.
You knew the following spells:

 Your Spells              Type           Power      Damage    Failure   Level
a - Ozocubu's Armour      Ice            6%         N/A       69%         3
b - Blink                 Tloc           10%        N/A       75%         2

Your spell library contained the following spells:

 Spells                   Type           Power      Damage    Failure   Level
 Freeze                   Ice            24%        1d4       32%         1
 Apportation              Tloc           10%        N/A       58%         1
 Frozen Ramparts          Ice            12%        1d2       69%         3
 Ensorcelled Hibernation  Hex/Ice        8%         N/A       91%         2
 Lesser Beckoning         Tloc           10%        N/A       92%         3
 Teleport Other           Tloc           5%         N/A       92%         3
 Momentum Strike          Conj/Tloc      6%         3d8       97%         2
 Foxfire                  Conj/Fire      4%         2x1d4     99%         1
 Kiss of Death            Conj/Necr      4%         2d5       99%         1
 Magic Dart               Conj           4%         1d3       99%         1
 Necrotise                Necr           4%         1d4       99%         1
 Slow                     Hex            4%         N/A       99%         1
 Sting                    Tmut/Pois      4%         1d3       99%         1
 Summon Small Mammal      Summ           4%         N/A       99%         1
 Hailstorm                Conj/Ice       4%         3d4       99%         3
 Portal Projectile        Hex/Tloc       6%         N/A       99%         3
 Cigotuvi's Dreadful Rot  Necr/Pois/Air  2%         N/A       100%        2
 Passwall                 Tmut/Erth      0%         N/A       100%        2
 Searing Ray              Conj           2%         2d4       100%        2
 Sublimation of Blood     Necr           1%         N/A       100%        2
 Confusing Touch          Hex            1%         N/A       100%        3
 Dazzling Flash           Conj/Hex       2%         N/A       100%        3
 Inner Flame              Hex/Fire       1%         N/A       100%        3
 Summon Guardian Golem    Hex/Summ       1%         N/A       100%        3
 Swiftness                Air            1%         N/A       100%        3
 Tukima's Dance           Hex            1%         N/A       100%        3
 Vampiric Draining        Necr           1%         2d6       100%        3
 Airstrike                Air            0%         2d(1-17)  100%        4
 Animate Dead             Necr           1%         N/A       100%        4
 Dispel Undead            Necr           1%         3d6       100%        4
 Flame Wave               Conj/Fire      1%         2d4       100%        4
 Fulminant Prism          Conj/Hex       0%         3d5       100%        4
 Iskenderun's Mystic Bla  Conj/Tloc      3%         2d3       100%        4
 Manifold Assault         Tloc           5%         N/A       100%        4
 Olgreb's Toxic Radiance  Pois           1%         N/A       100%        4
 Passage of Golubria      Tloc           5%         N/A       100%        4
 Petrify                  Tmut/Erth      1%         N/A       100%        4
 Sticky Flame             Conj/Fire      1%         2d3       100%        4
 Summon Lightning Spire   Summ/Air       1%         N/A       100%        4
 Agony                    Necr           1%         N/A       100%        5
 Fireball                 Conj/Fire      0%         3d3       100%        5
 Freezing Cloud           Conj/Ice/Air   1%         6-21      100%        5
 Irradiate                Conj/Tmut      0%         3d11      100%        5
 Lightning Bolt           Conj/Air       0%         1d11      100%        5
 Metabolic Englaciation   Hex/Ice        2%         N/A       100%        5
 Silence                  Hex/Air        0%         N/A       100%        5
 Summon Forest            Summ/Tloc      1%         N/A       100%        5
 Summon Mana Viper        Hex/Summ       1%         N/A       100%        5
 Yara's Violent Unravell  Hex/Tmut       0%         3d3       100%        5
 Death Channel            Necr           0%         N/A       100%        6
 Dispersal                Tloc           2%         N/A       100%        6
 Eringya's Noxious Bog    Tmut/Pois      0%         N/A       100%        6
 Simulacrum               Ice/Necr       2%         N/A       100%        6
 Starburst                Conj/Fire      0%         6d3       100%        6
 Orb of Destruction       Conj           0%         9d5       100%        7
 Ozocubu's Refrigeration  Ice            3%         4d8       100%        7
 Spellforged Servitor     Conj/Summ      0%         N/A       100%        7
 Storm Form               Tmut/Air       0%         N/A       100%        7
 Summon Hydra             Summ           0%         N/A       100%        7
 Borgnjor's Revivificati  Necr           0%         N/A       100%        8
 Ignition                 Fire           0%         3d3       100%        8
 Lehudib's Crystal Spear  Conj/Erth      0%         10d2      100%        8
 Necromutation            Tmut/Necr      0%         N/A       100%        8
 Chain Lightning          Conj/Air       0%         2d1       100%        9
 Death's Door             Necr           0%         N/A       100%        9
 Fire Storm               Conj/Fire      0%         6d1       100%        9
 Polar Vortex             Ice            3%         N/A       100%        9
 Shatter                  Erth           0%         3d5*      100%        9


Dungeon Overview and Level Annotations

Branches:
Dungeon (15/15)            Temple (1/1) D:6            Lair (5/5) D:9
  Swamp (4/4) Lair:3       Spider (4/4) Lair:3        Slime (0/5) Lair:4
    Orc (2/2) D:9             Elf (3/3) Orc:2        Vaults (5/5) D:13
  Crypt (3/3) Vaults:3       Tomb (0/3) Crypt:3      Depths (4/4) D:15
    Zot (5/5) Depths:4     Bailey (visited)           IceCv (visited)

Altars:
Ashenzari
Cheibriados
Dithmenos
Elyvilon
Fedhas
Gozag
Hepliaklqana
Kikubaaqudgha
Makhleb
Nemelex Xobeh
Okawaru
Qazlal
Ru
Sif Muna
Trog
Uskayaw
Vehumet
Wu Jian
Xom
Yredelemnul
Zin
The Shining One

Shops:
D:2 *   D:3 [   D:4 =[*   D:9 *   D:11 *   D:14 (   D:15 *   Orc:2 :[*(
Elf:1 :(   Elf:2 (   Elf:3 *(!   Vaults:1 [

Portals:
Hell: Depths:1 Depths:2 Depths:3 Depths:4
Abyss: Depths:1 Depths:3
Pandemonium: Depths:2 Depths:4
Ziggurat: Depths:2

Annotations:
D:7 1 transporter
D:10 1 runed translucent door
Lair:5 3 runed translucent doors, NinjaNoafa's ghost, journeyman MiFi
Elf:2 3 runed translucent doors, Lobster4's ghost, adept HuHu
Vaults:3 2 transporters
Zot:1 3 runed translucent doors, Sackuas's ghost, veteran OgBe
Zot:5 1 exclusion


Innate Abilities, Weirdness & Mutations

Your life essence is reduced to manifest your ancestor. (-10% HP)
You have a pair of horns on your head.
You reflexively headbutt those who attack you in melee.
You are clumsy. (Dex -2)
Your magical capacity is low. (-10% MP)
You occasionally shout uncontrollably at your foes.


Message History

The bolt barely misses the large abomination.
Shunnar mumbles some strange words.
Shunnar seems to speed up.
You shoot a bolt. The bolt hits the large abomination!!!
You destroy the large abomination!
Shunnar hits the Executioner with a +0 broad axe of speed.
The Executioner hits Shunnar!!
The Executioner hits Shunnar but does no damage. x2
Shunnar barely misses the Executioner.
Shunnar hits the Executioner with a +0 broad axe of speed!!
Shunnar blocks the Executioner's attack. x2
The Executioner hits Shunnar but does no damage.
You feel yourself speed up.
Shunnar barely misses the Executioner.
Shunnar blocks the Executioner's attack.
The Executioner hits Shunnar but does no damage.
Shunnar blocks the Executioner's attack.
Shunnar hits the Executioner with a +0 broad axe of speed!
The Executioner hits Shunnar!
The Executioner hits Shunnar.
Shunnar blocks the Executioner's attack.
Shunnar hits the Executioner with a +0 broad axe of speed!!
Shunnar hits the large abomination with a +0 broad axe of speed!
Shunnar blocks the Executioner's attack. x2
The Executioner hits Shunnar but does no damage.
Shunnar hits the Executioner with a +0 broad axe of speed!
The Executioner dies!
Shunnar hits the large abomination but does no damage.
Shunnar hits the large abomination with a +0 broad axe of speed!
Shunnar hits the large abomination with a +0 broad axe of speed!
Shunnar blocks the large abomination's attack.
Shunnar hits the large abomination with a +0 broad axe of speed!
The large abomination is destroyed!
Shunnar hits the large abomination with a +0 broad axe of speed!
Shunnar hits the large abomination with a +0 broad axe of speed!
The large abomination hits Shunnar but does no damage.
Shunnar completely misses the large abomination.
Shunnar hits the large abomination with a +0 broad axe of speed!
Something hits Shunnar.
There is a large open door here.
There is a staircase leading out of the dungeon here.
You have escaped!

#......................
#...#####..............
#...# ########.......
################.......
#8≈≈≈≈≈≈≈8#.......
#.........#.#.....
#.........#.#.....
#....8....'.#..##.
#@...8R...'.#.####
#.........#.#.## #
#######.........#.#..###
##.....#8≈≈≈≈§≈≈8#.....##
##......###########......#
#..........#.# ##.#....#
#............# ##.R#....#
#...........## #..##....#
#..........## #.###....#


You could see the friendly Shunnar the knight (fast, reflecting).

Vanquished Creatures
  A pandemonium lord (D:9)
  2 orbs of fire (Zot:5)
  3 dread liches
  2 ancient liches (Zot:5)
  Sojobo (D:15)
  A royal mummy (Depths:1)
  4 Killer Klowns
  Bai Suzhen (Depths:2)
  3 curse toes
  5 caustic shrikes
  6 golden dragons
  3 bone dragons (Depths:4)
  the Enchantress (Depths:2)
  A profane servitor (D:12)
  Arachne (Spider:2)
  An electric golem (Zot:5)
  An Ice Fiend (Depths:4)
  Rupert (Lair:3)
  A walking crystal tome (Depths:3)
  13 tentacled monstrosities
  20 Orb Guardians
  6 liches
  A deep elf blademaster (Elf:2)
  2 deep elf master archers (Elf:3)
  3 quicksilver dragons
  4 titans
  An ancient champion (Crypt:2)
  5 sphinxes
  A thorn hunter (Swamp:4)
  8 death cobs
  5 tengu reavers
  11 storm dragons
  3 draconian monks
  A revenant (Crypt:1)
  4 shadow dragons
  5 fire giants
  An iron dragon (Depths:4)
  7 vault wardens
  A fenstrider witch (Depths:2)
  4 emperor scorpions
  A frost giant (Depths:3)
  6 draconian knights
  2 draconian scorchers
  2 deep elf sorcerers (Elf:3)
  Aizul (Elf:3)
  2 deep elf elementalists (Elf:3)
  2 draconian shifters
  2 curse skulls (Crypt:3)
  5 ghost moths
  An ironbound thunderhulk (Vaults:2)
  2 draconian annihilators
  2 orc warlords
  4 war gargoyles
  A caustic shrike skeleton (Crypt:3)
  3 caustic shrike zombies (Crypt:3)
  3 reapers (Crypt:3)
  A draconian stormcaller (Zot:4)
  A juggernaut zombie (Crypt:3)
  A spriggan defender (Depths:2)
  5 stone giants
  12 ironbound preservers
  A broodmother (Spider:3)
  11 vampire knights
  16 very ugly things
  A deep elf demonologist (Elf:3)
  Azrael (Orc:2)
  6 yellow draconians
  4 green draconians
  5 deep elf annihilators
  8 black draconians
  2 bunyips
  2 spark wasps
  A bunyip (shapeshifter) (Vaults:5)
  5 purple draconians
  13 white draconians
  6 dire elephants
  10 red draconians
  5 eidola
  4 deep elf death magi
  A blizzard demon (Zot:1)
  9 ettins
  A crystal guardian (Vaults:4)
  2 mummy priests
  4 entropy weavers
  2 shambling mangroves (Swamp:4)
  10 yaktaur captains
  5 fire dragons
  A merfolk impaler (Depths:3)
  4 great orbs of eyes
  3 deep elf high priests (Elf:3)
  27 vault guards
  6 ice dragons
  3 peacekeepers
  2 ogre magi
  3 jorogumos
  7 ironbound frosthearts
  8 hydras
  A radroach (Spider:4)
  A spriggan skeleton (Depths:1)
  A spriggan air mage (Depths:2)
  A hell beast (Depths:4)
  A ghost crab (Swamp:2)
  An anaconda (shapeshifter) (Elf:1)
  14 centaur warriors
  5 boulder beetles
  6 two-headed ogres
  3 death knights
  3 alligators
  4 tengu warriors
  3 vampire magi
  A hell hog (Depths:1)
  4 deep troll earth magi
  2 deep troll shamans
  A spriggan berserker (Swamp:4)
  11 deep elf knights
  8 soul eaters
  A hell knight (Depths:1)
  2 iron trolls
  2 pharaoh ants (Spider:3)
  5 goliath frogs
  A bunyip zombie (Crypt:3)
  A death drake (Swamp:1)
  2 glowing orange brains (Depths:2)
  3 skeletal warriors (Crypt:1)
  The ghost of Maxmaps the Protected, a novice FoFi (D:6)
  A golden dragon skeleton (Crypt:3)
  7 steelbarb worms
  44 deep trolls
  7 orb spiders
  7 spriggan druids
  6 deep elf archers
  14 ironbound convokers
  2 bog bodies (Swamp:4)
  7 lindwurms
  2 oklob plants
  18 phantasmal warriors
  8 swamp dragons
  26 deep elf pyromancers
  8 wizards
  14 deep elf zephyrmancers
  7 harpies
  28 ugly things
  9 necromancers
  6 orc knights
  3 cyclopes
  A fire giant zombie (Depths:1)
  20 wolf spiders
  3 orc sorcerers
  3 manticores
  8 will-o-the-wisps
  A stone giant skeleton (Vaults:2)
  2 human skeletons (Vaults:1)
  A stone giant zombie (Crypt:3)
  6 elephants
  27 moths of wrath
  2 water nymphs (shapeshifter) (Vaults:5)
  12 vault sentinels
  A dire elephant zombie (Crypt:3)
  An ice statue (IceCv)
  4 black mambas
  A rust devil (D:9)
  2 torpor snails
  2 molten gargoyles (Lair:5)
  3 gargoyles
  A smoke demon (Depths:1)
  Maggie (D:7)
  A hellion (Zot:5)
  A kobold demonologist (D:12)
  Psyche (D:9)
  6 cane toads
  4 demonic crawlers
  A swamp worm zombie (Crypt:1)
  4 rime drakes
  8 yaktaurs
  3 tengu conjurers
  10 komodo dragons
  A red devil (Depths:4)
  A pale draconian skeleton (Crypt:2)
  21 dancing weapons
  10 freezing wraiths
  A guardian mummy (Crypt:3)
  A grey draconian zombie (Crypt:1)
  An unseen horror skeleton (Crypt:2)
  4 bloated husks
  An ice devil (Depths:4)
  2 harpy zombies (Crypt:3)
  6 trolls
  7 hellwings
  A queen bee (D:15)
  6 meliai
  9 blink frogs (Lair:4)
  6 tyrant leeches
  11 hornets
  A polar bear (shapeshifter) (Elf:1)
  A harpy skeleton (Crypt:3)
  A spectral guardian serpent (Crypt:1)
  A slime creature (shapeshifter) (Vaults:1)
  26 tarantellas
  13 slime creatures
  An ettin zombie (Vaults:2)
  3 spriggan zombies
  Sigmund (D:6)
  A blink frog (shapeshifter) (Vaults:1)
  A large abomination (D:1)
  A black mamba zombie (Crypt:3)
  A fire dragon skeleton (Crypt:1)
  15 culicivoras
  3 flying skulls (Crypt:1)
  3 shadows
  An ice dragon skeleton (Crypt:3)
  A wind drake zombie (Crypt:1)
  A centaur simulacrum (D:14)
  13 spriggans
  22 jumping spiders
  8 wraiths
  3 wyverns
  5 basilisks
  16 yaks
  14 water elementals
  31 redbacks
  A black mamba skeleton (Crypt:1)
  25 fire elementals
  A chaos spawn (Zot:5)
  3 steam dragons
  7 vampire mosquitoes
  2 two-headed ogre zombies (D:9)
  21 swamp worms
  A warg (Vaults:5)
  10 water moccasins
  6 acid dragons
  2 floating eyes (Depths:2)
  5 hell hounds (Lair:5)
  2 ice beasts
  8 swamp drakes
  4 sky beasts
  An elephant zombie (Lair:3)
  33 orc warriors
  25 wolves
  11 ogres
  13 centaurs
  3 phantoms
  A kobold brigand (D:9)
  2 necrophages
  A salamander zombie (Crypt:2)
  A gnoll sergeant (D:9)
  12 scorpions
  11 bullfrogs
  A wyvern zombie (D:6)
  2 earth elementals
  A two-headed ogre simulacrum (D:13)
  8 wyvern skeletons
  A shapeshifter zombie (Crypt:1)
  2 water moccasin zombies (D:6)
  7 wights
  A water moccasin skeleton (Crypt:1)
  A polar bear zombie (Crypt:2)
  A troll zombie (D:9)
  A lindwurm simulacrum (IceCv)
  26 killer bees
  7 electric eels
  2 howler monkeys
  2 centaur zombies (D:6)
  5 lava snakes (Lair:5)
  A basilisk zombie (Lair:3)
  8 komodo dragon simulacra (IceCv)
  3 bullfrog zombies (D:6)
  A human zombie (D:6)
  Crazy Yiuf (D:7)
  3 hounds
  A jelly (D:7)
  A black bear zombie (Crypt:1)
  11 orc priests
  A wolf skeleton (Crypt:2)
  7 iguanas
  Jessica (D:2)
  22 orc wizards
  A spriggan simulacrum (D:13)
  A troll simulacrum (D:13)
  3 ogre zombies (D:9)
  A tengu zombie (Crypt:1)
  A howler monkey zombie (D:6)
  A mummy (D:6)
  6 gnolls
  4 acid dragon simulacra (IceCv)
  9 adders
  2 naga simulacra (D:13)
  A shadow imp (D:7)
  2 white imps (D:7)
  4 steam dragon simulacra (IceCv)
  4 worms
  3 dart slugs
  68 orcs
  6 ball pythons
  6 bats
  12 endoplasms
  8 giant cockroaches
  14 goblins
  8 hobgoblins
  A jackal (D:3)
  3 quokkas
  A frilled lizard (D:2)
  2 goblin zombies (D:9)
  3 hobgoblin zombies (D:9)
  10 kobolds
  3 orc skeletons (D:9)
  14 orc zombies (D:9)
  9 rats
1686 creatures vanquished.

Vanquished Creatures (collateral kills)
  2 royal mummies (Depths:1)
  3 Killer Klowns (Zot:5)
  Xtahua (Vaults:5)
  A curse toe (Zot:5)
  A caustic shrike (Depths:3)
  3 golden dragons
  Nikola (Depths:2)
  8 tentacled monstrosities
  2 electric golems
  7 Orb Guardians (Zot:5)
  A titan (Vaults:5)
  2 quicksilver dragons
  2 deep elf blademasters (Elf:3)
  2 sphinxes
  An Executioner (D:1)
  6 death cobs
  3 ancient champions
  4 tengu reavers
  A shadow dragon (Vaults:5)
  A revenant (Crypt:2)
  Donald (Vaults:4)
  4 storm dragons
  8 fire giants
  A deep elf sorcerer (Elf:3)
  2 iron dragons
  4 vault wardens
  2 draconian scorchers
  A ghost moth (Zot:5)
  A balrug (Depths:4)
  2 emperor scorpions (Spider:4)
  2 draconian shifters
  2 curse skulls
  3 deep elf elementalists (Elf:3)
  A war gargoyle (Vaults:5)
  2 spriggan defenders (Depths:2)
  8 stone giants
  10 ironbound preservers
  3 draconian annihilators
  13 very ugly things
  3 ironbound thunderhulks
  2 broodmothers
  4 black draconians
  6 deep elf annihilators
  2 eleionomae
  4 dire elephants
  2 green draconians
  A white draconian (Zot:2)
  5 yellow draconians
  A deep elf demonologist (Elf:3)
  4 red draconians
  2 vampire knights
  A bunyip (Swamp:4)
  3 spark wasps
  4 purple draconians
  An eidolon (Crypt:3)
  3 deep elf death magi
  6 ettins
  2 shambling mangroves (Swamp:4)
  A mummy priest (Depths:1)
  5 fire dragons
  2 entropy weavers (Spider:2)
  A spriggan zombie (Crypt:3)
  Josephine (D:11)
  4 deep elf high priests
  A hell beast (Depths:4)
  3 peacekeepers
  9 vault guards
  8 hydras
  A fenstrider witch zombie (Crypt:3)
  3 great orbs of eyes
  A catoblepas (Lair:5)
  Harold (D:11)
  Erolcha (D:9)
  11 centaur warriors
  3 jorogumos
  6 ice dragons
  3 spriggan air magi
  A radroach (Spider:4)
  2 death knights
  4 alligators
  2 boulder beetles
  An ironbound frostheart (Vaults:3)
  A tengu warrior (D:14)
  2 two-headed ogres
  2 orc high priests
  4 dancing weapons
  2 deep troll earth magi
  A spriggan berserker (Depths:2)
  8 deep elf knights
  A sun demon (Depths:1)
  2 titan skeletons (Crypt:3)
  5 skeletal warriors
  A fire crab (Lair:5)
  An iron troll (Depths:2)
  3 goliath frogs
  5 orb spiders
  A spriggan druid (Swamp:2)
  A quicksilver dragon simulacrum (Depths:4)
  2 swamp dragons (Swamp:4)
  3 steelbarb worms
  3 deep elf archers
  3 bog bodies
  19 deep trolls
  10 phantasmal warriors
  8 ironbound convokers
  2 lindwurms
  3 harpies
  7 necromancers
  7 deep elf pyromancers
  5 wizards
  7 deep elf zephyrmancers
  A shadow dragon zombie (Crypt:3)
  12 wolf spiders
  4 orc knights
  A large abomination (D:1)
  2 manticores (D:13)
  4 cyclopes
  17 ugly things
  A will-o-the-wisp (Swamp:3)
  A frost giant zombie (Depths:1)
  12 moths of wrath
  A salamander (shapeshifter) (Vaults:5)
  A manticore (shapeshifter) (Depths:3)
  4 black mambas (Lair:5)
  3 elephants
  7 vault sentinels
  A gargoyle (D:10)
  An ice statue (IceCv)
  A centaur skeleton (Crypt:3)
  8 komodo dragons
  14 yaktaurs
  2 torpor snails
  A tengu conjurer (D:15)
  A freezing wraith (Crypt:1)
  A minotaur skeleton (Crypt:2)
  A kobold demonologist (D:14)
  A demonic crawler (Spider:2)
  A death yak skeleton (Crypt:1)
  A purple draconian skeleton (Crypt:2)
  7 hellwings (Crypt:3)
  4 meliai
  2 hornets
  A mana viper skeleton (Crypt:1)
  2 harpy zombies (Crypt:3)
  A spectral guardian serpent (Crypt:1)
  5 trolls
  8 tarantellas
  3 tyrant leeches
  21 slime creatures
  A blink frog (Lair:4)
  A slime creature (shapeshifter) (Elf:2)
  An ettin skeleton (Crypt:3)
  3 flying skulls (Crypt:1)
  6 culicivoras
  7 jumping spiders
  A shadow (D:10)
  6 wraiths
  4 water elementals
  4 basilisks
  3 spriggans
  An ushabti (Crypt:3)
  7 yaks
  15 redbacks
  3 wyverns
  A steam dragon (Lair:5)
  7 fire elementals
  2 vampire mosquitoes
  A glowing shapeshifter zombie (Vaults:1)
  A swamp worm (Swamp:3)
  2 water moccasins
  A naga skeleton (Crypt:3)
  A glowing shapeshifter skeleton (Vaults:2)
  2 swamp drakes (Swamp:4)
  14 orc warriors
  An elephant zombie (Lair:3)
  A sky beast (Depths:3)
  5 centaurs
  5 wolves
  An elephant skeleton (Crypt:1)
  A komodo dragon zombie (Lair:3)
  A phantom (D:9)
  2 kobold brigands
  A human zombie (Vaults:1)
  3 wights (D:9)
  A troll zombie (D:9)
  A wyvern skeleton (Crypt:3)
  8 killer bees
  A lindwurm simulacrum (IceCv)
  3 howler monkeys
  An electric eel (D:9)
  3 orc priests
  7 orc wizards
  A spriggan simulacrum (D:13)
  A troll simulacrum (D:13)
  A polar bear simulacrum (D:13)
  An ogre zombie (D:9)
  A mummy (Crypt:3)
  2 acid dragon simulacra (IceCv)
  A steam dragon simulacrum (IceCv)
  17 orcs
  3 giant cockroaches (D:10)
  2 kobolds (D:14)
  A goblin zombie (D:9)
  2 orc zombies (D:9)
705 creatures vanquished.

Vanquished Creatures (others)
  A golden dragon (Zot:4)
  A stone giant (Depths:2)
  3 yaktaur captains
  A fire dragon (Depths:2)
  4 centaur warriors (Vaults:2)
  A wizard (Depths:2)
  A phantasmal warrior (Vaults:5)
  A rime drake (IceCv)
  2 yaktaurs (Vaults:2)
  An air elemental (Elf:1)
  An orc warrior (D:9)
  An ogre (Orc:2)
  2 ancestors
  40 knights
  An orc wizard (Orc:2)
  An orc (Vaults:5)
  30 foxfires
  26 fungi
  35 plants
  4 toadstools (Depths:2)
  24 withered plants (Crypt:3)
181 creatures vanquished.

Grand Total: 2572 creatures vanquished

Notes
Turn   | Place    | Note
-------+----------+-------------------------------------------
     0 | D:1      | Lobster4 the Minotaur Hunter began the quest for the Orb.
     0 | D:1      | Reached XP level 1. HP: 18/18 MP: 0/0
    64 | D:1      | Reached skill level 1 in Stealth
    80 | D:1      | Reached XP level 2. HP: 25/25 MP: 1/1
   399 | D:1      | Reached XP level 3. HP: 26/30 MP: 2/2
   400 | D:1      | Reached skill level 5 in Ranged Weapons
   482 | D:2      | Noticed Jessica
   487 | D:2      | Killed Jessica
   488 | D:2      | Reached XP level 4. HP: 17/38 MP: 3/3
   656 | D:2      | Reached XP level 5. HP: 42/46 MP: 4/4
   817 | D:2      | Found Osawo's General Store.
  1094 | D:3      | Found Lareom's Antique Armour Boutique.
  1564 | D:2      | Bought the +1 cloak of Kleptomania {rPois} for 207 gold
                  | pieces
  2237 | D:4      | Found Wofi's General Store.
  2304 | D:4      | Reached skill level 1 in Armour
  2304 | D:4      | Reached XP level 6. HP: 53/53 MP: 5/5
  2346 | D:4      | Found Izuuc's Antique Armour Shoppe.
  2466 | D:4      | Reached skill level 1 in Long Blades
  2907 | D:4      | Found Voededwu's Jewellery Emporium.
  3105 | D:5      | Entered Level 5 of the Dungeon
  3443 | D:5      | Reached skill level 5 in Fighting
  3443 | D:5      | Reached XP level 7. HP: 61/61 MP: 6/6
  3996 | D:6      | Learned a level 3 spell: Ozocubu's Armour
  4004 | D:6      | Found a staircase to the Ecumenical Temple.
  4019 | D:6      | Reached XP level 8. HP: 67/70 MP: 7/7
  4029 | Temple   | Entered the Ecumenical Temple
  4029 | Temple   | Found a transporter.
  4029 | Temple   | Found a transporter.
  4031 | Temple   | Found a transporter.
  4031 | Temple   | Found a transporter.
  4048 | Temple   | Became a worshipper of Hepliaklqana the Forgotten
  4101 | D:6      | Found a glowing silver altar of Zin.
  4312 | D:5      | Reached skill level 1 in Ice Magic
  4508 | D:6      | Reached skill level 1 in Spellcasting
  4640 | D:6      | Found a runed translucent door.
  4717 | D:6      | Identified the +8 shortbow of Narrow Watchfulness
                  | {antimagic, rCorr Int+2}
  4722 | D:6      | Found a hide-covered altar of Uskayaw.
  4741 | D:6      | Found a radiant altar of Vehumet.
  4774 | D:6      | Noticed Sigmund
  4894 | D:6      | Found a basalt altar of Yredelemnul.
  5210 | D:6      | Killed Sigmund
  5211 | D:6      | Reached skill level 5 in Armour
  5211 | D:6      | Reached XP level 9. HP: 58/78 MP: 3/10
  5357 | D:6      | Noticed Maxmaps's ghost (novice FoFi)
  5478 | D:7      | Noticed Maggie
  5544 | D:7      | Reached skill level 10 in Ranged Weapons
  5731 | D:7      | Noticed a troll
  5732 | D:7      | Noticed a two-headed ogre
  5763 | D:7      | Killed a troll
  5764 | D:7      | Reached skill level 1 in Evocations
  6032 | D:7      | Killed a two-headed ogre
  6219 | D:7      | Reached * piety under Hepliaklqana
  6225 | D:7      | Identified the +4 hammer of Somewhere Else {vorpal, rC+
                  | Str+2}
  6283 | D:7      | Reached XP level 10. HP: 79/79 MP: 4/13
  6379 | D:7      | Found a sparkling altar of Nemelex Xobeh.
  6380 | D:7      | Found a transporter.
  6381 | D:7      | Noticed a two-headed ogre
  6408 | D:7      | Reached skill level 1 in Maces & Flails
  6426 | D:7      | Killed Maggie
  6617 | D:7      | Identified the +0 spear of Poump {venom, rC- Dex+7}
  6770 | D:7      | Found a runed translucent door.
  6771 | D:7      | Identified the +3 hammer of Iconoclasm {antimagic, *Noise
                  | Int+4 SInv}
  6771 | D:7      | Noticed Crazy Yiuf
  6778 | D:7      | Killed Crazy Yiuf
  6849 | D:8      | Found a flagged portal.
  6868 | Bailey   | Entered a bailey
  7326 | D:8      | Noticed a gargoyle
  7334 | D:8      | Killed a gargoyle
  7650 | D:8      | Reached ** piety under Hepliaklqana
  7651 | D:8      | Remembered your ancestor Shunnar as a knight
  7815 | D:9      | Found an ornate altar of the Wu Jian Council.
  7899 | D:9      | Found Ofo Ebiss's Assorted Antiques.
  7910 | D:9      | Bought a faintly humming robe for 199 gold pieces
  7910 | D:9      | Identified the +1 robe "Xuoptye" {Will- Dex+8} (You bought
                  | it in a shop on level 9 of the Dungeon)
  7954 | D:9      | Bought a scroll labelled YCWOYS BANKAL for 35 gold pieces
  7959 | D:9      | Noticed a two-headed ogre
  7965 | D:9      | Killed a two-headed ogre
  7966 | D:9      | Reached XP level 11. HP: 87/87 MP: 5/15
  8041 | D:9      | Found a staircase to the Orcish Mines.
  8070 | D:9      | Noticed a two-headed ogre
  8076 | D:9      | Killed a two-headed ogre
  8143 | D:9      | Found a runed translucent door.
  8143 | D:9      | Noticed Psyche
  8196 | D:9      | Found an ancient bone altar of Kikubaaqudgha.
  8371 | D:9      | Found a staircase to the Lair.
  8474 | D:9      | Found a runed translucent door.
  8692 | Orc:1    | Entered Level 1 of the Orcish Mines
  8815 | Orc:1    | Noticed an orc knight
  8835 | Orc:1    | Killed an orc knight
  9066 | Orc:2    | Entered Level 2 of the Orcish Mines
  9066 | Orc:2    | Noticed an orc warlord
  9066 | Orc:2    | Noticed an orc knight
  9066 | Orc:2    | Noticed an orc knight
  9066 | Orc:2    | Found Veujim's Antique Weapon Emporium.
  9069 | Orc:2    | Noticed an orc knight
  9076 | Orc:2    | Killed an orc warlord
  9077 | Orc:2    | Reached skill level 10 in Fighting
  9117 | D:10     | Entered Level 10 of the Dungeon
  9447 | D:10     | Identified the +1 quarterstaff of Umimur {freeze, rElec
                  | Int+4 Dex+2 Stlth-}
  9559 | D:10     | Found an opulent altar of Gozag.
  9800 | D:10     | Found a blossoming altar of Fedhas.
  9862 | D:10     | Reached skill level 1 in Invocations
  9875 | D:10     | Found a runed translucent door.
  9877 | D:10     | Found a runed translucent door.
  9877 | D:10     | Reached *** piety under Hepliaklqana
  9889 | D:10     | Reached XP level 12. HP: 96/96 MP: 5/17
 10244 | D:11     | Noticed a two-headed ogre
 10246 | D:11     | Noticed Josephine
 10248 | D:11     | Noticed Harold
 10249 | D:11     | Killed a two-headed ogre
 10268 | D:11     | Killed Josephine
 10270 | D:11     | Killed Harold
 10577 | D:11     | Found Xokel's Fire Supplies.
 10582 | D:11     | Bought the ring of Fusoy {rF+ rC++} for 495 gold pieces
 10681 | D:11     | Reached skill level 5 in Ice Magic
 11032 | D:12     | Reached skill level 5 in Maces & Flails
 11032 | D:12     | Reached skill level 15 in Ranged Weapons
 11032 | D:12     | Reached skill level 5 in Spellcasting
 11032 | D:12     | Reached XP level 13. HP: 104/104 MP: 6/19
 11510 | Lair:1   | Entered Level 1 of the Lair of Beasts
 11607 | Lair:1   | Reached **** piety under Hepliaklqana
 11894 | Lair:1   | Found a bloodstained altar of Trog.
 13320 | Lair:3   | Reached ***** piety under Hepliaklqana
 13381 | Lair:3   | Reached XP level 14. HP: 112/112 MP: 7/21
 13381 | Lair:3   | Found a staircase to the Swamp.
 13741 | Lair:3   | Noticed Rupert
 13795 | Lair:3   | Found a hole to the Spider Nest.
 14290 | Lair:4   | Reached skill level 5 in Invocations
 14307 | Lair:4   | Reached skill level 10 in Armour
 14496 | Lair:4   | Found a staircase to the Slime Pits.
 14868 | Lair:4   | Learned a level 2 spell: Blink
 14896 | Lair:5   | Entered Level 5 of the Lair of Beasts
 15003 | Lair:5   | Reached skill level 5 in Dodging
 15139 | Lair:5   | Found a runed translucent gate.
 15140 | Lair:5   | Found a runed translucent gate.
 15152 | Lair:5   | Found a runed translucent gate.
 15169 | Lair:5   | Reached skill level 1 in Translocations
 15169 | Lair:5   | Reached XP level 15. HP: 120/120 MP: 7/23
 15174 | Lair:5   | Noticed NinjaNoafa's ghost (journeyman MiFi)
 15776 | Lair:5   | Found a large runed translucent door.
 15778 | Lair:5   | Found a large runed translucent door.
 16430 | D:13     | Found a frozen archway.
 16468 | IceCv    | Entered an ice cave
 17170 | D:13     | Reached XP level 16. HP: 129/129 MP: 8/24
 17347 | D:13     | Found a gate to the Vaults.
 17545 | D:13     | Got the Incunable of Vitriolic Rime
 17915 | D:3      | Bought a glowing chain mail for 187 gold pieces
 17915 | D:3      | Bought a shiny chain mail for 187 gold pieces
 17915 | D:3      | Bought a runed robe for 92 gold pieces
 17979 | D:4      | Bought a runed cloak for 157 gold pieces
 17979 | D:4      | Bought an embroidered cloak for 157 gold pieces
 17993 | D:4      | Bought a runed leather armour for 105 gold pieces
 18605 | D:14     | Found an iron altar of Okawaru.
 18610 | D:14     | Reached skill level 1 in Shields
 18961 | D:14     | Found Gubbul's Antique Weapon Shoppe.
 19010 | D:14     | Bought an ichor-stained shortbow for 184 gold pieces
 19010 | D:14     | Identified the +5 shortbow of the Powerful God {freeze, rN+
                  | Stlth+} (You bought it in a shop on level 14 of the
                  | Dungeon)
 19144 | D:14     | Reached ****** piety under Hepliaklqana
 19738 | D:15     | Entered Level 15 of the Dungeon
 20657 | D:15     | Found Xual Hou's Assorted Antiques.
 20873 | D:15     | Found a staircase to the Depths.
 21750 | Orc:2    | Found Ossidikle's General Store.
 21905 | Orc:2    | Found Liusames's Book Emporium.
 21919 | Orc:2    | Noticed Azrael
 21929 | Orc:2    | Killed Azrael
 22100 | Orc:2    | Found Qaaxzifo's Antique Armour Emporium.
 22526 | Orc:2    | Identified the +8 dagger of Blood {vorpal, SInv}
 22594 | Orc:2    | Found a staircase to the Elven Halls.
 22704 | Orc:2    | Bought a pair of fading gloves for 285 gold pieces
 22704 | Orc:2    | Identified the +2 pair of gloves "Juyga" {-Tele rPois Dex+3
                  | SInv} (You bought it in a shop on level 2 of the Orcish
                  | Mines)
 22709 | Orc:2    | Bought a faintly humming leather armour for 210 gold pieces
 22709 | Orc:2    | Identified the +2 leather armour of the Forest {rF+} (You
                  | bought it in a shop on level 2 of the Orcish Mines)
 22712 | Orc:2    | Bought a pair of runed gloves for 225 gold pieces
 22727 | Orc:2    | Bought a dazzling cloak for 285 gold pieces
 22727 | Orc:2    | Identified the +0 cloak of New Discoveries {-Cast rPois
                  | SInv} (You bought it in a shop on level 2 of the Orcish
                  | Mines)
 22817 | Orc:1    | Reached skill level 5 in Translocations
 23066 | Spider:1 | Entered Level 1 of the Spider Nest
 23181 | Spider:1 | Reached skill level 5 in Shields
 23622 | Spider:1 | Reached XP level 17. HP: 134/138 MP: 25/25
 24602 | Spider:2 | Noticed Arachne
 24625 | Spider:2 | Killed Arachne
 24705 | Spider:2 | Reached skill level 15 in Fighting
 25151 | Spider:2 | Identified the +2 hand axe of Freehold {vorpal, Dex+3}
 27120 | Spider:4 | Entered Level 4 of the Spider Nest
 27133 | Spider:4 | Identified the +1 ring mail of Maynemad {Will+ Dex+3}
 28363 | Spider:4 | Reached XP level 18. HP: 153/153 MP: 8/26
 29550 | Spider:4 | Identified the -1 hat of Xutush {Contam Rampage rN+ Regen+}
 29553 | Spider:4 | Got a gossamer rune of Zot
 29702 | Swamp:1  | Entered Level 1 of the Swamp
 31952 | Swamp:4  | Entered Level 4 of the Swamp
 33001 | Swamp:4  | Reached XP level 19. HP: 165/165 MP: 27/27
 33053 | Swamp:4  | Got a decaying rune of Zot
 33317 | Vaults:1 | Entered Level 1 of the Vaults
 33753 | Vaults:1 | Found Tumurch's Antique Armour Boutique.
 33761 | Vaults:1 | Bought an ancient robe for 205 gold pieces
 33761 | Vaults:1 | Identified the +1 robe "Mola" {Dex+2} (You bought it in a
                  | shop on level 1 of the Vaults)
 34165 | Vaults:1 | Identified the +1 robe of Negligence {Drain Will+ Dex+2
                  | Slay+4}
 34551 | Vaults:1 | Reached skill level 10 in Dodging
 34798 | Vaults:1 | You are sucked into a shaft and drop 1 floor!
 37055 | Vaults:2 | Reached XP level 20. HP: 173/180 MP: 9/28
 38219 | Vaults:3 | Found a staircase to the Crypt.
 38992 | Vaults:3 | Found a transporter.
 39040 | Vaults:3 | Found a transporter.
 40095 | Vaults:4 | Noticed Donald
 40106 | Vaults:4 | Killed Donald
 41964 | Depths:1 | Entered Level 1 of the Depths
 41969 | Depths:1 | Noticed Sojobo
 42008 | Depths:1 | Reached XP level 21. HP: 184/191 MP: 9/29
 42008 | Depths:1 | Paralysed by an air elemental for 1 turns
 42011 | Depths:1 | Paralysed by an air elemental for 1 turns
 42338 | Elf:1    | Entered Level 1 of the Elven Halls
 42827 | Elf:1    | Found Jaabbed's Vocational Training.
 42859 | Elf:1    | Identified the +0 leather armour "Maerch" {rF+ Dex+4}
 42994 | Elf:1    | Found Muof's Weapon Emporium.
 43145 | Elf:1    | Identified the +6 war axe of Ybraaq {flame, rF+ Will+ SInv}
 43206 | Elf:1    | Found a portal to a secret trove of treasure.
 43511 | Elf:2    | Found a runed translucent gate.
 43511 | Elf:2    | Found a runed translucent gate.
 43531 | Elf:2    | Noticed Lobster4's ghost (adept HuHu)
 43587 | Elf:2    | Found a huge runed translucent gate.
 43587 | Elf:2    | Found a huge runed translucent gate.
 43587 | Elf:2    | Found a huge runed translucent gate.
 43587 | Elf:2    | Found a huge runed translucent gate.
 43587 | Elf:2    | Found a huge runed translucent gate.
 43850 | Elf:2    | Found Moch's Weapon Emporium.
 43904 | Elf:2    | Found a runed translucent gate.
 43913 | Elf:2    | Identified the +3 ring mail of Famucs {Harm Regen+ Int+3
                  | SInv}
 44042 | Elf:2    | Found an iron altar of Okawaru.
 44132 | Elf:3    | Entered Level 3 of the Elven Halls
 44294 | Elf:3    | Found Zeeliafa's Distillery.
 44348 | Elf:3    | Found Cieskair's Assorted Antiques.
 44359 | Elf:3    | Found Virghoiwnie's Weapon Shoppe.
 45037 | Elf:3    | Noticed Aizul
 45047 | Elf:3    | Killed Aizul
 45510 | Elf:3    | Identified the +2 broad axe "Tudusiz" {freeze, Dex+4}
 45759 | Elf:3    | Got the Tome of Wicked Rites
 45771 | Elf:3    | Got Sif Muna's Parchment of Hyperbolic Conflagration
 45814 | Elf:3    | Identified the +6 chain mail "Ficasevili" {rC- Dex+8}
 45829 | Elf:3    | Identified the ring "Vawn" {rElec rF+ rN+ Slay-6}
 46022 | Elf:2    | Identified a scroll of acquirement
 46028 | Elf:2    | Acquired 1229 gold pieces
 47323 | D:15     | Killed Sojobo
 47324 | D:15     | Reached skill level 10 in Shields
 47546 | Depths:1 | Reached XP level 22. HP: 185/201 MP: 0/30
 47819 | Depths:1 | Found a one-way gate to the infinite horrors of the Abyss.
 48152 | Depths:1 | Found a gateway to Hell.
 48609 | Depths:1 | Noticed a royal mummy
 48619 | Depths:1 | Killed a royal mummy
 48630 | Depths:1 | Noticed a royal mummy
 48649 | Depths:1 | Killed a royal mummy
 48884 | Depths:1 | Noticed a royal mummy
 48884 | Depths:1 | Found the +7 sceptre of Torment {pain, torment}
 49280 | Depths:1 | Killed a royal mummy
 49614 | Depths:2 | Found a one-way gate leading to the halls of Pandemonium.
 49619 | Depths:2 | Noticed Bai Suzhen
 49925 | Depths:2 | Noticed the Enchantress
 50555 | Lair:3   | Killed Rupert
 51164 | Depths:2 | Found a one-way gateway to a ziggurat.
 51170 | Depths:2 | Noticed a dread lich
 51175 | Depths:2 | Killed a dread lich
 51178 | Depths:2 | Noticed Nikola
 51182 | Depths:2 | Killed Nikola
 51359 | Depths:2 | Killed the Enchantress
 51584 | Depths:2 | Killed Bai Suzhen
 51589 | Depths:2 | Paralysed by something for 5 turns
 52372 | Depths:3 | Found a broken altar of Ashenzari.
 52396 | Depths:3 | Noticed a golden dragon
 52403 | Depths:3 | Killed a golden dragon
 52466 | Depths:3 | Identified the +7 great sword of the Everdark {vorpal,
                  | rElec Will+ Dex-3}
 52482 | Depths:3 | Identified the +0 ring mail of the Abyss {rN+++}
 52489 | Depths:3 | Noticed a caustic shrike
 52495 | Depths:3 | Killed a caustic shrike
 52557 | Depths:3 | Reached XP level 23. HP: 212/212 MP: 31/31
 52671 | Depths:3 | Identified the ring "Xasopa" {rPois rF+ AC+4 Str-2}
 53200 | Depths:4 | Entered Level 4 of the Depths
 53233 | Depths:4 | Noticed a caustic shrike
 53233 | Depths:4 | Noticed a caustic shrike
 53235 | Depths:4 | Noticed a caustic shrike
 53235 | Depths:4 | Noticed a caustic shrike
 53235 | Depths:4 | Noticed a caustic shrike
 53297 | Depths:3 | Killed a caustic shrike
 53335 | Depths:3 | Killed a caustic shrike
 53471 | Depths:4 | Killed a caustic shrike
 53475 | Depths:4 | Killed a caustic shrike
 53552 | Depths:4 | Killed a caustic shrike
 53770 | Depths:4 | Reached skill level 27 in Ranged Weapons
 53922 | Depths:4 | Found a sacrificial altar of Ru.
 54414 | Depths:4 | Found a gate to the Realm of Zot.
 55154 | D:6      | Killed Maxmaps's ghost
 55398 | D:9      | Killed Psyche
 55417 | D:9      | Noticed Erolcha
 55431 | D:9      | Killed Erolcha
 55534 | Orc:2    | Bought a shadowed robe for 171 gold pieces
 55534 | Orc:2    | Identified the +1 robe "Ditson" {rPois MP+9} (You bought it
                  | in a shop on level 2 of the Orcish Mines)
 55865 | Vaults:5 | Entered Level 5 of the Vaults
 55873 | Vaults:4 | HP: 1/214 [spore (17)]
 55874 | Vaults:4 | Reached skill level 15 in Shields
 56184 | Vaults:5 | Noticed a dread lich
 56188 | Vaults:5 | Killed a dread lich
 56195 | Vaults:5 | Reached skill level 15 in Armour
 56460 | Vaults:5 | Reached skill level 27 in Fighting
 56460 | Vaults:5 | Reached XP level 24. HP: 224/224 MP: 31/31
 56574 | Vaults:5 | Got a silver rune of Zot
 56723 | Vaults:5 | Identified the ring "Pemni" {Will+ Str+2}
 56842 | Vaults:5 | Noticed Xtahua
 56846 | Vaults:5 | Killed Xtahua
 56852 | Vaults:5 | Reached skill level 15 in Dodging
 56899 | Vaults:5 | Identified the +11 scimitar of Qotai {vorpal, rElec MP+9
                  | Dex+2}
 57472 | Vaults:5 | Identified the +2 pair of gloves of Catatonia {Harm *Slow
                  | Dex+4}
 58062 | Elf:1    | You paid a toll of +2 gold dragon scales to enter a
                  | treasure trove
 58063 | Trove    | Entered a treasure trove
 58067 | Trove    | Identified the ring of Emywn {Str+4 Slay+4}
 58069 | Trove    | Identified the amulet of the Mutiny {Faith +Blink rPois
                  | Dex-3}
 58071 | Trove    | Identified the ring of Kitep {rF+ rCorr MP+9 Str+3 Dex-3}
 58076 | Trove    | Identified the amulet "Alir" {Faith rPois}
 58078 | Trove    | Identified the amulet "Umathrer" {Faith rPois Regen+ Dex-2}
 58081 | Trove    | Identified the ring "Lauq" {Fire Dex+2}
 58450 | Crypt:1  | Entered Level 1 of the Crypt
 58507 | Crypt:1  | Reached skill level 5 in Long Blades
 58614 | Crypt:1  | Found the +3 pair of gauntlets of War {Slay+5}
 59894 | Crypt:3  | Entered Level 3 of the Crypt
 60597 | Crypt:3  | Found the +13 scythe of Curses {drain, Drain}
 60600 | Crypt:3  | Noticed a dread lich
 60607 | Crypt:3  | Killed a dread lich
 60660 | Crypt:3  | Got the Meditations on Direction and Calling
 60661 | Crypt:3  | Identified the ring "Zucamuro" {+Blink rN+ MP+9 Int-2
                  | Dex+9}
 60807 | Crypt:3  | Reached XP level 25. HP: 231/231 MP: 31/31
 61072 | Crypt:3  | Found an ancient bone altar of Kikubaaqudgha.
 61747 | Crypt:3  | Found a staircase to the Tomb.
 62180 | Zot:1    | Entered Level 1 of the Realm of Zot
 62842 | Zot:1    | Reached skill level 10 in Long Blades
 62986 | Zot:1    | Found a runed translucent gate.
 62986 | Zot:1    | Found a runed translucent gate.
 62986 | Zot:1    | Found a runed translucent gate.
 62987 | Zot:1    | Noticed a dread lich
 62988 | Zot:1    | Noticed Sackuas's ghost (veteran OgBe)
 62989 | Zot:1    | Noticed a dread lich
 62991 | Zot:1    | Identified the +2 plate armour "Laff" {Dex+3}
 64621 | Zot:3    | Identified the +3 short sword of Agony {protect, rC+ Will-
                  | MP+9}
 64894 | Zot:3    | Noticed a Killer Klown
 64899 | Zot:3    | Killed a Killer Klown
 65799 | Zot:4    | Reached XP level 26. HP: 235/239 MP: 31/31
 66370 | Zot:5    | Entered Level 5 of the Realm of Zot
 67154 | Zot:5    | Noticed an ancient lich
 67159 | Zot:5    | Killed an ancient lich
 67693 | Zot:5    | Noticed an orb of fire
 67698 | Zot:5    | Noticed an orb of fire
 67922 | Zot:5    | Noticed an ancient lich
 67929 | Zot:5    | Killed an ancient lich
 67934 | Zot:5    | Gained mutation: Your magical capacity is low. (-10% MP)
                  | [an orb of fire]
 67940 | Zot:5    | Killed an orb of fire
 68444 | Zot:5    | Got the Orb of Zot
 68500 | Zot:5    | Gained mutation: You are clumsy. (Dex -2) [an orb of fire]
 68501 | Zot:5    | Gained mutation: You occasionally shout uncontrollably at
                  | your foes. [an orb of fire]
 68502 | Zot:5    | Killed an orb of fire
 68783 | D:10     | Noticed Raexohac the pandemonium lord
 68810 | D:9      | Noticed Ratrok the pandemonium lord
 68816 | D:9      | Killed Ratrok the pandemonium lord
 68976 | D:$      | Escaped with the Orb!

Illustrated notes

Levels and vault maps discovered:
D:1:      lightli_arrival_noodles, layout_rooms, minmay_pentomino_x2
D:2:      layout_basic, serial_shops, shop_statue, kennysheep_flooded_box,
          kennysheep_generic_room_11, uniq_jessica
D:3:      layout_basic, serial_shops, nicolae_shop_trees,
          corexii_hall_statues_t, minmay_guardbox
D:4:      layout_loops_ring, serial_shops, shop_fountains,
          kennysheep_little_box, nicolae_shop_advertising_works
          [nicolae_subvault_shop_adworks], chequers_serial_rivers_large_b
D:5:      layout_rooms, serial_rivers, chequers_serial_rivers_room_a,
          chequers_serial_rivers_micro_e, chequers_serial_rivers_marsh,
          chequers_serial_rivers_micro_d, chequers_serial_rivers_micro_e,
          chequers_serial_rivers_room_b
D:6:      layout_rooms, mainiacjoe_overflow_alcove_1,
          nicolae_uskayaw_murder_on_the_dancefloor,
          lemuel_mausoleum_altar_yredelemnul, mainiacjoe_overflow_boulevard,
          temple_fountains, ebering_ghost_reflecting_pool, uniq_sigmund
D:7:      layout_rooms, grunt_nemelex_the_gamble, minmay_the_grid_2x2
          [minmay_the_grid_all_tris, minmay_the_grid_paths,
          minmay_the_grid_large_cup, minmay_the_grid_prize_trominoes],
          uniq_maggie, uniq_crazy_yiuf_cottage
D:8:      layout_loops_cross, enter_bailey_5
D:9:      cheibrodos_histonic, layout_basic,
          mainiacjoe_overflow_small_starburst, mainiacjoe_overflow_paths,
          david_lair_shrubbed, zombieorc2_lemuel, serial_shops,
          nicolae_shop_stone, uniq_psyche, uniq_erolcha
D:10:     lemuel_insect_pit, layout_basic, fedhas_altar_1,
          nicolae_gozag_seed_capital, moated_statue, minmay_joined_circles
D:11:     layout_loops_cross, nicolae_shop_fire_sale [nicolae_sub_dead_trees],
          uniq_harold, uniq_josephine
D:12:     layout_rooms
D:13:     layout_irregular_city, david_vaults_5,
          portal_ice_cave_entry_ice_simulacra, minmay_pinched_square
D:14:     layout_roguey, serial_shops, nicolae_shop_waterfront,
          okawaru_metal_pillars_3, minmay_misc_feat_pillars,
          chequers_serial_rivers_small_b
D:15:     grunt_enter_depths_hoard, layout_rooms, serial_shops, shop,
          minmay_misc_feat_enclosed, minivault_7
Temple:   hellmonk_temple_divided_pantheon
Lair:1:   layout_layer_cave, lemuel_oklob_altar
Lair:2:   layout_misc_corridors
Lair:3:   pond_and_an_island_with_a_cottage, layout_concentric_octagons,
          minmay_swamp_entry_reptiles, spider_nest_entry_rubble,
          kennysheep_basilisk_garden, uniq_rupert
Lair:4:   layout_misc_corridors, slime_entry_1, serial_bayou_shore_b,
          infiniplex_staircase_pool_2, lemuel_fruit_tree
Lair:5:   cheibrodos_lair_end_hotspot, layout_cave_shapes,
          maelrawn_ghost_gauntlet_escape, chequers_serial_rivers_small_b
Swamp:1:  layout_basic_swamp, nicolae_swamp_oxbows, swamp_pool4,
          nicolae_swamp_bean_lake
Swamp:2:  layout_falls_marsh, evilmike_swamp_ruin_wall, swamp_pool1
Swamp:3:  layout_basic_swamp, evilmike_swamp_ruin_house_1
Swamp:4:  swamp_basic_johnstein, layout_basic_swamp
Spider:1: layout_chambers
Spider:2: layout_spider_delve, special_room, nicolae_spider_not_touching_you,
          uniq_arachne
Spider:3: layout_spider_delve, nicolae_arachne_temple
Spider:4: grunt_spider_rune_island, nicolae_spider_claw_tunnel
Orc:1:    layout_diamond_mine, minmay_orc_keep
Orc:2:    grunt_orc_gardens, layout_caves, grunt_orc_garden, grunt_orc_garden,
          grunt_orc_garden, grunt_orc_garden, basic_altar,
          nicolae_orc_sculptors_studio, mines3_lemuel, uniq_azrael
Elf:1:    layout_rooms, serial_shops, shop_fountains, enter_trove_0,
          kennysheep_underground_church, grunt_ministairs_4,
          corexii_hall_statues_t, nicolae_shop_vocational
Elf:2:    elven_hall_of_blades_hangedman_alternative [nicolae_blade_bullseye],
          layout_geoelf_octagon, gammafunk_ghost_fury_of_okawaru, serial_shops,
          nicolae_shop_bloodbath_and_beyond
Elf:3:    minmay_elf_hall_x, layout_geoelf_castle, serial_shops,
          nicolae_diamond_shop, minmay_shop_star, uniq_aizul
Vaults:1: st_octagons_2, v_alt_pattern_1, v_misc_2, ontoclasm_vaults_gateway,
          ontoclasm_vaults_bender, nicolae_vaults_yaktaur_gun_rack,
          vaults_standard_mumra_enter_the_diamond, vaults_dpeg_encased_lava,
          layout_vaults_chaotic_city, serial_shops, shop
Vaults:2: nicolae_vaults_c_with_doors, vaults_room_pool, vaults_mumra_chevron,
          vaults_mumra_hex, v_misc_33, v_misc_15,
          ontoclasm_vaults_loading_screen, grunt_vaults_trifunnel, v_pattern_5,
          hangedman_vaults_pinch, ontoclasm_vaults_eye, vaults_dpeg_diagonal,
          ontoclasm_vaults_misaligned, layout_vaults_omnibox
Vaults:3: v_misc_24, blue_anna_dwarven_crypt, gammafunk_dig_for_victory,
          hangedman_vaults_nodes, v_misc_31, vaults_dpeg_emergency_exit,
          v_alt_pattern_4, v_misc_17, v_misc_24,
          nicolae_vaults_little_squares_3, nicolae_vaults_diagonal_hallway_9,
          hangedman_vaults_maws, nicolae_vaults_stairing_the_circle,
          vaults_dpeg_ring, layout_vaults_omnicross, uniq_margery
Vaults:4: vaults_room_boxed, v_misc_19, vaults_room_guarded_vault,
          nicolae_vaults_little_squares_6, hangedman_vaults_unwind,
          nicolae_vaults_inception_corners, grunt_vaults_hallway_short,
          nicolae_vaults_theta, v_misc_23, v_misc_22,
          ontoclasm_vaults_decontamination, vaults_room_semicircle,
          vaults_standard_mumra_x, nicolae_vaults_little_squares_4,
          nicolae_vaults_little_squares_1, layout_vaults_maze_snakey,
          uniq_donald
Vaults:5: uniq_xtahua
Crypt:1:  layout_gridlike, nrook_guardian_serpent_ordinary
Crypt:2:  layout_misc_corridors
Crypt:3:  evilmike_haunted_forest
Depths:1: minmay_guarded_unrand_sceptre_of_torment, layout_long_grid,
          abyss_entry, hellmouth_1, sword_in_stone, uniq_sojobo
Depths:2: hellmonk_paralyzer, layout_cave_pools, enter_ziggurat_a, hell_entry,
          serial_co_window_serial, co_window_paths_a,
          co_window_of_opportunity_a, co_window_paths_a, co_window_corner_a,
          co_window_paths_b, co_window_2corner, co_window_broadway_a,
          co_window_corner_b, co_window_of_opportunity_b, co_window_broadway_b,
          co_window_paths_d, glass_columns_a, glass_columns_c, glass_columns_c,
          minmay_crystal_water, pan_entry, minmay_gold_behind_fungi,
          uniq_nikola, uniq_bai_suzhen, uniq_enchantress
Depths:3: minmay_fractal_lines_corner, layout_cave_pools, ashenzari_altar_1,
          abyss_entry, hangedman_coc_ice_floe, dreamdust_looks_like_rain
Depths:4: grunt_zot_entry_bicorn, layout_cave_pools, nicolae_ru_path_of_blood,
          grunt_mini_vestibule, rand_demon_pan_entry_9
Zot:1:    layout_basic, gammafunk_ghost_necromancy
Zot:2:    layout_gridlike, hangedman_elemental_corridor
Zot:3:    layout_misc_corridors
Zot:4:    lemuel_firehouse, layout_onion_interference, grunt_ministairs_7
Zot:5:    layout_onion

Skill      XL: |  1  2  3  4  5  6  7  8  9 10 11 12 13 14 15 16 17 18 19 20 21 22 23 24 25 26 |
---------------+-------------------------------------------------------------------------------+-----
Stealth        | 1 |  1.0
Fighting       | 3 4 5 6 7 9 10 11 12 13 14 17 19 22 23 24 25 27 | 27.0
Ranged Weapons | 5 6 7 8 9 10 12 14 15 16 17 19 21 23 24 25 26 27 | 27.0
Dodging        | 3 5 7 8 10 12 13 17 19 | 19.0
Armour         | 1 2 3 5 6 8 9 10 11 12 13 15 17 20 25 | 25.1
Long Blades    | 2 3 8 12 14 | 14.0
Ice Magic      | 2 3 4 5 6 7 |  7.0
Spellcasting   | 1 2 3 4 5 6 |  6.2
Evocations     | 2 3 |  3.0
Maces & Flails | 3 5 6 7 9 |  9.0
Invocations    | 1 3 4 6 7 8 9 |  9.0
Translocations | 1 3 5 |  5.0
Shields        | 5 6 10 13 15 16 | 16.0

Action                   |  1- 3 |  4- 6 |  7- 9 | 10-12 | 13-15 | 16-18 | 19-21 | 22-24 | 25-27 || total
-------------------------+-------+-------+-------+-------+-------+-------+-------+-------+-------++-------
Melee: Shortbow          |       |       |       |       |       |     2 |       |       |       ||     2
       Headbutt          |       |       |       |       |       |     2 |       |       |       ||     2
       Mace              |       |       |       |       |       |       |     4 |       |       ||     4
       Hand crossbow     |       |       |       |       |       |       |       |     2 |       ||     2
 Fire: Shortbow          |    48 |   176 |   283 |   651 |   890 |  2157 |  1778 |   335 |       ||  6318
       Arbalest          |    17 |    34 |       |       |       |       |       |       |       ||    51
       Hand crossbow     |       |       |       |       |       |       |       |  1002 |   705 ||  1707
 Cast: Ozocubu's Armour  |       |       |       |     1 |     5 |    11 |     3 |       |       ||    20
Invok: Recall Ancestor   |       |       |       |     2 |     4 |     2 |     6 |    11 |     1 ||    26
       Ancestor Life: Kn |       |       |       |     1 |       |       |       |       |       ||     1
       Idealise          |       |       |       |       |       |       |       |     1 |     1 ||     2
Evoke: Wand              |       |       |       |     1 |       |       |    12 |     5 |       ||    18
       Condenser vane    |       |       |       |       |       |       |     2 |     1 |       ||     3
       Tin of tremorston |       |       |       |       |       |       |     2 |     2 |       ||     4
       Phantom mirror    |       |       |       |       |       |       |     1 |     1 |       ||     2
  Use: Scroll            |       |     7 |    12 |     9 |     7 |    12 |    17 |    27 |    11 ||   102
       Potion            |       |       |     1 |     4 |     1 |     2 |     2 |     5 |     5 ||    20
Armor: Leather armour    |     6 |    12 |    62 |       |       |       |       |       |       ||    80
       Acid dragon scale |       |       |    26 |    83 |     1 |       |       |       |       ||   110
       Robe              |       |       |       |       |    65 |       |       |       |       ||    65
       Swamp dragon scal |       |       |       |       |       |   262 |   191 |    78 |       ||   531
       Ring mail         |       |       |       |       |       |       |       |    23 |       ||    23
       Gold dragon scale |       |       |       |       |       |       |       |    20 |   179 ||   199
Dodge: Dodged            |    12 |    39 |   104 |   101 |    99 |   391 |   391 |   316 |   239 ||  1692
Block: Other             |       |       |       |       |       |   117 |   105 |    20 |       ||   242
       Reflection        |       |       |       |       |       |    20 |    14 |    15 |     5 ||    54
       Kite shield       |       |       |       |       |       |       |       |   183 |   292 ||   475

Table legend: (Time is in decaauts)
 A = Elapsed time spent in this place.
 B = Non-inter-level travel time spent in this place.
 C = Inter-level travel time spent in this place.
 D = Time resting spent in this place.
 E = Time spent auto-exploring this place.
 F = Levels seen in this place.
 G = Mean time per level.
                   A        B        C        D        E       F      G
               +--------+--------+--------+--------+--------+-----+--------+
         Total |  68641 |  61337 |   7304 |  13064 |  32797 |  54 | 1271.1 |
       Dungeon |  17633 |  14537 |   3096 |   2432 |   8749 |  15 | 1175.5 |
        Temple |     45 |     45 |      0 |      0 |      5 |   1 |   45.0 |
          Lair |   4873 |   4436 |    437 |    225 |   3167 |   5 |  974.6 |
         Swamp |   3321 |   3167 |    154 |    381 |   2054 |   4 |  830.2 |
   Spider Nest |   6375 |   6107 |    268 |   2330 |   2541 |   4 | 1593.8 |
  Orcish Mines |   2648 |   2106 |    542 |    489 |   1172 |   2 | 1324.0 |
   Elven Halls |   4629 |   4287 |    342 |   1041 |   1907 |   3 | 1543.0 |
        Vaults |  11097 |  10042 |   1055 |   2467 |   5322 |   5 | 2219.4 |
         Crypt |   3715 |   3465 |    250 |    354 |   1912 |   3 | 1238.3 |
        Depths |   6896 |   6221 |    675 |   2166 |   2634 |   4 | 1724.0 |
           Zot |   6785 |   6306 |    479 |   1149 |   3167 |   5 | 1357.0 |
         Trove |     37 |     37 |      0 |      0 |      0 |   1 |   37.0 |
        Bailey |    255 |    255 |      0 |     26 |    102 |   1 |  255.0 |
      Ice Cave |    325 |    325 |      0 |      0 |     63 |   1 |  325.0 |
               +--------+--------+--------+--------+--------+-----+--------+

Top non-repeatable levels by time:
Depths:1: 2959 daAuts
Vaults:3: 2545 daAuts
Vaults:2: 2465 daAuts
Vaults:4: 2346 daAuts
   Zot:5: 2273 daAuts
 Crypt:3: 2136 daAuts
Vaults:1: 2006 daAuts
    D:13: 1983 daAuts
Spider:4: 1939 daAuts
   Elf:3: 1798 daAuts
Spider:3: 1790 daAuts
Vaults:5: 1734 daAuts
    D:15: 1566 daAuts
     D:7: 1552 daAuts
Spider:1: 1533 daAuts
